 Dungeon Crawl Stone Soup version 0.29.0-4-gdea44cf6ec (webtiles) character file.

Game seed: 4031270651422541611

263 qw the Chopper (level 6, -2/38 HPs)
             Began as a Gargoyle Berserker on Sept 6, 2022.
             Was a Believer of Trog.
             Slain by an ogre
             ... wielding a +0 giant spiked club
              (20 damage)
             ... on level 4 of the Dungeon.
             The game lasted 00:01:12 (2842 turns).

qw the Chopper (Gargoyle Berserker)                 Turns: 2842, Time: 00:01:13

Health: -2/38      AC: 22    Str: 23    XL:     6   Next: 19%
Magic:  6/6        EV:  6    Int:  7    God:    Trog [**....]
Gold:   130        SH:  0    Dex:  9    Spells: 5/5 levels left

rFire   . . .      SeeInvis .   Y - +0 hand axe (venom)
rCold   . . .      Faith    .   (no shield)
rNeg    + . .      Spirit   .   d - +0 plate armour
rPois   inf        Reflect  .   f - +2 helmet
rElec   +          Harm     .   g - +1 cloak
rCorr   .          Rampage  .   (no gloves)
Will    .....                   j - +0 pair of boots
Stlth   ..........              (no amulet)
HPRegen 0.12/turn               (no ring)
MPRegen 0.10/turn               (no ring)

@: confused, on berserk cooldown, slowed, very slow
A: sickness immunity, AC +4, negative energy resistance 1, electricity
resistance, torment resistance 1, petrification resistance
a: Renounce Religion, Berserk, Trog's Hand


You were on level 4 of the Dungeon.
You worshipped Trog.
Trog was pleased with you.
You visited 1 branch of the dungeon, and saw 4 of its levels.

You collected 130 gold pieces.


Innate Abilities, Weirdness & Mutations

You are immune to sickness and miasma.
Your stone body is resilient. (AC +4)
You are immune to poison.
You resist negative energy. (rN+)
You are resistant to electric shocks. (rElec)
You are resistant to unholy torment.
You are immune to petrification.


   Skills:
 - Level 4.2 Fighting
 + Level 5.4 Axes
 - Level 3.0 Armour
 - Level 1.5 Dodging


You had 5 spell levels left.
You didn't know any spells.
Your spell library was empty.

Inventory:

Hand Weapons
 c - the +4 flail of Ziunug {vorpal, +Blink Dex+3}
   (You found it on level 3 of the Dungeon)

   It inflicts extra damage upon your enemies.
   Dex:       It affects your dexterity (+3).
   +Blink:    It lets you blink.
 Y - a +0 hand axe of venom (weapon)
Armour
 d - a +0 plate armour (worn)
 f - a +2 helmet (worn)
 g - a +1 cloak (worn)
 j - a +0 pair of boots (worn)
Scrolls
 b - 2 scrolls of teleportation
 l - a scroll of identify
Potions
 a - a potion of attraction {unknown}
 h - a potion of flight {unknown}
 m - a potion of might {unknown}
 n - a potion of invisibility {unknown}

Dungeon Overview and Level Annotations

Branches:
Dungeon (4/15)
 Temple: D:4-7

Altars:
Trog

Shops:
D:2 !


Message History

The endoplasm hits you but does no damage.
The orc hits you but does no damage. The ogre barely misses you.
The scorpion stings you.
The endoplasm hits you but does no damage.
The orc hits you but does no damage.
The scorpion stings you but does no damage.
The ogre hits you with a +0 giant spiked club.
You're too confused to move!
The endoplasm freezes you.
You are frozen.
The orc barely misses you. The scorpion barely misses you.
The orc hits you with a +0 short sword.
The ogre hits you with a +0 giant spiked club!
The endoplasm hits you but does no damage.
The scorpion stings you but does no damage.
2840 ||| DRINKING potion of heal wounds.
You feel much better. The scorpion stings you.
The orc priest invokes the aid of Beogh against you.
Beogh smites you! The orc hits you but does no damage.
The endoplasm hits you but does no damage.
The ogre barely misses you.
You miss the scorpion.
The scorpion is severely wounded.
You barely miss the ogre. You barely miss the orc. You hit the endoplasm.
You kill the endoplasm!
Trog accepts your kill.
You kill the scorpion!
Trog accepts your kill. The orc closely misses you.
The orc priest hits you but does no damage.
The orc completely misses you. The ogre barely misses you.
You have reached level 6!
You hit the orc.
The orc is poisoned.
The orc is lightly wounded.
You barely miss the ogre. You barely miss the orc priest.
The orc priest looks satisfied for a moment.
The orc hits you but does no damage.
The ogre hits you with a +0 giant spiked club!!
Ouch! That really hurt!
You die...

......#..
..~~..#.. #..
~..~..... .....
~~......# .......
........###......
........#........
..........##.....
#Oo.^#........
#o@.....##....
##...##.......
#......#.....
##.#.....#
#####..###.....
#.....## #.....
##.###.# .....
#......# .#.#
#...#+## . #


You could see an ogre (poisoned), an orc priest and an orc (very poisoned).

Vanquished Creatures
  A scorpion (D:4)
  Natasha (D:4)
  An iguana (D:4)
  5 adders
  A gnoll (D:1)
  4 worms
  2 dart slugs
  An orc (D:4)
  5 ball pythons
  6 bats
  12 endoplasms
  5 giant cockroaches
  7 goblins
  7 hobgoblins
  7 jackals
  2 quokkas
  2 frilled lizards (D:2)
  3 kobolds
  5 rats
77 creatures vanquished.

Vanquished Creatures (others)
  A plant (D:4)
1 creature vanquished.

Grand Total: 78 creatures vanquished

Notes
Turn   | Place    | Note
-------+----------+-------------------------------------------
     0 | D:1      | qw the Gargoyle Berserker began the quest for the Orb.
     0 | D:1      | Reached XP level 1. HP: 14/14 MP: 1/1
     0 | D:1      | 0 ||| qw: Version: 0.1-a-108-g9e35731
     0 | D:1      | 0 ||| qw: Game counter: 6331
     0 | D:1      | 0 ||| qw: Always use a shield: true
     0 | D:1      | 0 ||| qw: Do Orc after D:15 true
     0 | D:1      | 0 ||| qw: Do second Lair branch before Depths: true
     0 | D:1      | 0 ||| qw: Lair rune preference: random
     0 | D:1      | 0 ||| qw: Plans: Normal
     0 | D:1      | 0 ||| PLANNING D:1-11
    20 | D:1      | 20 ||| Stepping ~*~*~tactically~*~*~ (stealth).
    23 | D:1      | 23 ||| Stepping ~*~*~tactically~*~*~ (stealth).
    39 | D:1      | 39 ||| INVOKING Berserk.
    41 | D:1      | Reached skill level 3 in Axes
    54 | D:1      | 54 ||| Stepping ~*~*~tactically~*~*~ (hiding).
    62 | D:1      | Reached XP level 2. HP: 8/19 MP: 2/2
   248 | D:1      | 248 ||| Stepping ~*~*~tactically~*~*~ (stealth).
   250 | D:1      | 250 ||| Stepping ~*~*~tactically~*~*~ (stealth).
   260 | D:1      | 260 ||| Stepping ~*~*~tactically~*~*~ (stealth).
   262 | D:1      | 262 ||| Stepping ~*~*~tactically~*~*~ (stealth).
   305 | D:1      | Found a faded altar of an unknown god.
   384 | D:1      | 384 ||| INVOKING Berserk.
   728 | D:1      | 728 ||| INVOKING Berserk.
   731 | D:1      | Reached XP level 3. HP: 23/23 MP: 3/3
   940 | D:1      | Reached skill level 4 in Axes
   966 | D:1      | 966 ||| DROPPING +0 club.
  1238 | D:1      | 1238 ||| UPGRADING to +0 ring mail.
  1248 | D:1      | 1248 ||| DROPPING +0 animal skin.
  1249 | D:1      | 1249 ||| UPGRADING to +0 chain mail.
  1259 | D:1      | 1259 ||| DROPPING +0 ring mail.
  1260 | D:1      | 1260 ||| UPGRADING to +0 helmet.
  1265 | D:1      | 1265 ||| READING scroll labelled SOHOYD DIGUICE.
  1266 | D:1      | 1266 ||| READING scroll labelled GIBBIL BUWN.
  1270 | D:1      | 1270 ||| READING scroll labelled PIAPRE KIS.
  1271 | D:1      | 1271 ||| DRINKING 2 purple potions.
  1317 | D:2      | Found Reqofeh's Distillery.
  1348 | D:2      | 1348 ||| Stepping ~*~*~tactically~*~*~ (stealth).
  1349 | D:2      | 1349 ||| Stepping ~*~*~tactically~*~*~ (stealth).
  1396 | D:2      | 1396 ||| SHOPLISTING 2 potions of heal wounds (140 gold,
                  | have 26).
  1396 | D:2      | 1396 ||| SHOPLISTING 2 potions of mutation (224 gold, have
                  | 26).
  1396 | D:2      | 1396 ||| SHOPLISTING potion of curing (42 gold, have 26).
  1488 | D:2      | Reached XP level 4. HP: 28/28 MP: 4/4
  1544 | D:2      | 1544 ||| Stepping ~*~*~tactically~*~*~ (stealth).
  1553 | D:2      | Reached ** piety under Trog
  1672 | D:2      | 1672 ||| DROPPING +0 whip.
  1867 | D:2      | 1867 ||| UPGRADING to +0 cloak.
  1872 | D:2      | 1872 ||| READING scroll labelled NUSMOS OBLU.
  1873 | D:2      | 1873 ||| READING scroll labelled SENKAGH AMOSM.
  1874 | D:2      | 1874 ||| READING 3 scrolls labelled QUSTIE KAYTUA.
  1875 | D:2      | 1875 ||| READING 2 scrolls of enchant armour.
  1875 | D:2      | 1875 ||| ENCHANTING +0 helmet.
  1876 | D:2      | 1876 ||| READING scroll of enchant armour.
  1876 | D:2      | 1876 ||| ENCHANTING +1 helmet.
  1877 | D:2      | 1877 ||| DRINKING 2 brown potions.
  1902 | D:2      | 1902 ||| DRINKING 2 green potions.
  1903 | D:2      | 1903 ||| DROPPING potion of lignification.
  2116 | D:3      | Identified the +4 flail of Ziunug {vorpal, +Blink Dex+3}
  2118 | D:3      | 2118 ||| DROPPING +4 whip.
  2289 | D:3      | 2289 ||| Stepping ~*~*~tactically~*~*~ (stealth).
  2295 | D:3      | Reached skill level 5 in Axes
  2321 | D:3      | Reached XP level 5. HP: 30/32 MP: 5/5
  2460 | D:3      | Found a bloodstained altar of Trog.
  2480 | D:3      | 2480 ||| Stepping ~*~*~tactically~*~*~ (stealth).
  2484 | D:3      | 2484 ||| Stepping ~*~*~tactically~*~*~ (stealth).
  2626 | D:3      | 2626 ||| READING scroll of enchant armour.
  2626 | D:3      | 2626 ||| ENCHANTING +0 cloak.
  2676 | D:3      | 2676 ||| UPGRADING to +0 plate armour.
  2686 | D:3      | 2686 ||| DROPPING +0 chain mail.
  2687 | D:3      | 2687 ||| UPGRADING to +0 pair of boots.
  2699 | D:4      | HP: 8/33 [orc priest/divine providence (10)]
  2700 | D:4      | 2700 ||| READING 3 scrolls of teleportation.
  2701 | D:4      | 2701 ||| DRINKING 2 potions of heal wounds.
  2702 | D:4      | 2702 ||| INVOKING Berserk.
  2710 | D:4      | Reached skill level 3 in Armour
  2821 | D:4      | Noticed Natasha
  2822 | D:4      | 2822 ||| Stepping ~*~*~tactically~*~*~ (hiding).
  2824 | D:4      | 2824 ||| INVOKING Berserk.
  2825 | D:4      | Killed Natasha
  2832 | D:4      | Noticed an ogre
  2834 | D:4      | 2834 ||| DRINKING potion of curing.
  2834 | D:4      | 2834 ||| (to cure confusion)
  2839 | D:4      | HP: 1/33 [ogre/+0 giant spiked club (10)]
  2840 | D:4      | 2840 ||| DRINKING potion of heal wounds.
  2842 | D:4      | Reached XP level 6. HP: 18/38 MP: 6/6
  2842 | D:4      | Slain by an ogre

Levels and vault maps discovered:
D:1:      lightli_arrival_farm, layout_rooms,
          shapermc_ecumenical_altar_starsandcircs, kennysheep_minor_cross
D:2:      layout_rooms, serial_shops, shop, kennysheep_generic_room_13
D:3:      layout_basic, trog_book
D:4:      layout_cave_pools, mainiacjoe_overflow_small_starburst,
          minmay_temple_entry_overgrown, serial_shops,
          nicolae_shop_bloodbath_and_beyond, minmay_joined_circles, uniq_natasha

Skill      XL: |  1  2  3  4  5 |
---------------+----------------+-----
Axes           | 3 4 5 |  5.4
Armour         | 3 |  3.0
Fighting       | 4 |  4.2
Dodging        | |  1.5

Action                   |  1- 3 |  4- 6 || total
-------------------------+-------+-------++-------
Melee: Hand axe          |   104 |   115 ||   219
       Punch             |       |     1 ||     1
Invok: Berserk           |     3 |     2 ||     5
  Use: Scroll            |     3 |     7 ||    10
       Potion            |     1 |     5 ||     6
Armor: Animal skin       |    23 |       ||    23
       Chain mail        |    24 |    37 ||    61
       Plate armour      |       |    28 ||    28
Dodge: Dodged            |    55 |    49 ||   104

Table legend:
 A = Non-vault XP
 B = Vault XP
 C = Vault XP percentage of total XP
 D = Non-vault monster count
 E = Vault monster count
 F = Vault count percentage of total count
                 A         B        C        D         E       F
            +---------+---------+-------+---------+---------+-------
      Total |     326 |      50 |  13.3 |      74 |       3 |   3.9
            +---------+---------+-------+---------+---------+-------
        D:1 |      55 |       0 |   0.0 |      23 |       0 |   0.0
        D:2 |      52 |      15 |  22.4 |      22 |       2 |   8.3
        D:3 |      76 |       0 |   0.0 |      22 |       0 |   0.0
        D:4 |     143 |      35 |  19.7 |       7 |       1 |  12.5
            +---------+---------+-------+---------+---------+-------
